 Dungeon Crawl Stone Soup version 0.17.1-2-g5865329 (webtiles) character file.

54 pipel the Grave Robber (level 3, -2/16 HPs)
             Began as a Vine Stalker Necromancer on Jan 22, 2016.
             Slain by a hound skeleton (3 damage)
             ... on level 4 of the Dungeon.
             The game lasted 00:08:10 (570 turns).

pipel the Grave Robber (Vine Stalker Necromancer)    Turns: 570, Time: 00:08:10

Health: -2/16      AC:  2    Str: 10    XL:     3   Next: 91%
Magic:  0/8        EV: 12    Int: 15    God:
Gold:   77         SH:  0    Dex: 15    Spells: 4 memorised, 0 levels left

rFire  . . .     SeeInvis .     g - +1 dagger (speed)
rCold  . . .     Clarity  .     a - +0 robe
rNeg   . . .     SustAt   .     (no shield)
rPois  .         Gourm    .     (no helmet)
rElec  .         Spirit   +     (no cloak)
rCorr  .         Warding  .     (no gloves)
rMut   .         Stasis   .     (no boots)
MR     .....                    (no amulet)
Stlth  ++........               (no ring)
                                (no ring)

@: not resistant to hostile enchantments, unstealthy
A: fangs 2, regeneration 1, magic shield, antimagic bite, no device heal 3, rot
immunity
a: no special abilities


You were on level 4 of the Dungeon.
You were not hungry.

You visited 1 branch of the dungeon, and saw 5 of its levels.

You collected 77 gold pieces.

Inventory:

Hand Weapons
 g - a +1 dagger of speed (weapon)
Armour
 a - a +0 robe (worn)
Wands
 p - a wand of fire (13)
Scrolls
 f - a scroll of remove curse
 h - a scroll of recharging
 k - a scroll of identify {unknown}
 l - a scroll of immolation
Potions
 e - a potion of mutation {unknown}
 i - a potion of curing
 j - a potion of haste {unknown}
 n - a potion of resistance {unknown}
Books
 b - a book of Necromancy

   Spells                             Type                      Level
   a - Pain                           Necromancy                   1
   b - Animate Skeleton               Necromancy                   1
   c - Vampiric Draining              Necromancy                   3
   d - Regeneration                   Charms/Necromancy            3
   e - Animate Dead                   Necromancy                   4
   f - Control Undead                 Necromancy                   4
Comestibles
 c - a bread ration
 d - a meat ration


   Skills:
 - Level 1.5 Dodging
 - Level 2.4 Stealth
 - Level 1.0 Unarmed Combat
 - Level 3.1 Spellcasting
 + Level 0.6 Charms
 + Level 4.5 Necromancy


You couldn't memorise any spells.
You knew the following spells:

 Your Spells              Type           Power        Failure   Level  Hunger
a - Animate Skeleton      Necr           N/A          3%          1    #......
d - Vampiric Draining     Necr           ###.......   12%         3    ###....
p - Pain                  Necr           ###.         3%          1    #......
r - Regeneration          Chrm/Necr      ##........   24%         3    ###....


Dungeon Overview and Level Annotations

Branches:
Dungeon (5/15)
 Temple: D:4-7

Altars:

Annotations:
D:4 Menkaure


Innate Abilities, Weirdness & Mutations

You have extremely sharp teeth.
Your natural rate of healing is unusually fast.
When hurt, damage is shared between your health and your magic reserves.
Your bite disrupts and absorbs the magic of your enemies.
Potions and wands cannot restore your health.
You are immune to rotting.


Message History

The worker ant is severely wounded.
The worker ant bites you.
* * * LOW HITPOINT WARNING * * *
You are more poisoned.
The worker ant poisons you!
You barely miss the worker ant. Your bite misses the worker ant.
The worker ant is severely wounded.
You feel sick. The worker ant bites you.
* * * LOW HITPOINT WARNING * * *
Your skin stops crawling.
The worker ant waves its antennae.
The hound skeleton barely misses you.
* * * LOW HITPOINT WARNING * * *
You feel sick.
* * * LOW HITPOINT WARNING * * *
You feel sick.
Found a scroll labeled WAOTHE EDIFY.
Drink which item? (? for menu, Esc to quit)
It was a potion of curing.
You feel better. The hound skeleton bites you.
You die...

#..( .###...M# .##
#.#.######## .#.###.##≈≈ ...
.......... .......h.#.#
.#... #......# #......Z<...
...#.###.#...# #.....##.....
#....#......###.......#..###
#...#.......).........#
####.#.....aZ.......$....#
#.....>###.@##...........#
.............##........#..#
##.######.......$...!.#...#
#. #.#..........[. .
#.#.###.###.##. .... #.# .#
# .. #.. . ..? #### #


You could see a worker ant and a hound skeleton.

Vanquished Creatures
  3 adders
  2 worms
  An orc (D:5)
  4 hobgoblins
  4 jackals (D:1)
  3 kobolds
  A bat (D:3)
  A giant cockroach (D:3)
  3 goblins
  3 rats (D:1)
25 creatures vanquished.

Notes
Turn   | Place    | Note
--------------------------------------------------------------
     0 | D:1      | pipel the Vine Stalker Necromancer began the quest for the Orb.
     0 | D:1      | Reached XP level 1. HP: 9/9 MP: 4/4
   103 | D:1      | Reached skill level 1 in Unarmed Combat
   103 | D:1      | Reached XP level 2. HP: 2/13 MP: 1/6
   106 | D:1      | Learned a level 1 spell: Animate Skeleton
   269 | D:2      | Reached XP level 3. HP: 11/16 MP: 1/8
   310 | D:2      | Learned a level 3 spell: Vampiric Draining
   363 | D:3      | Learned a level 3 spell: Regeneration
   394 | D:2      | You fall through a shaft!
   475 | D:4      | Noticed Menkaure
   515 | D:5      | Entered Level 5 of the Dungeon
   519 | D:5      | Noticed a sky beast
   570 | D:4      | Slain by a hound skeleton

Action                   || total
-------------------------++-------
Melee: Unarmed           ||    12
       Dagger            ||    36
 Cast: Pain              ||    33
       Animate Skeleton  ||     4
       Vampiric Draining ||     3
       Regeneration      ||     2
  Use: Scroll            ||     6
       Potion            ||     1
 Stab: Sleeping          ||     6
